 Dungeon Crawl Stone Soup version 0.25-a0-651-g8c222c7a2b (webtiles) character file.

Game seed: 10838140655560436126, levelgen mode: deterministic

628 Conn the Magician (level 7, -1/43 HPs)
             Began as an Octopode Wizard on Mar 22, 2020.
             Slain by a centaur skeleton (8 damage)
             ... on level 7 of the Dungeon.
             The game lasted 00:15:46 (3951 turns).

Conn the Magician (Octopode Wizard)                 Turns: 3951, Time: 00:15:47

Health: -1/43      AC:  1    Str: 10    XL:     7   Next: 48%
Magic:  0/13       EV: 13    Int: 21    God:
Gold:   228        SH:  0    Dex:  8    Spells: 5/16 levels left

rFire    . . .     SeeInvis .   o - +2 dagger (venom)
rCold    . . .     Gourm    .   (no shield)
rNeg     . . .     Faith    .   a - +0 hat
rPois    .         Spirit   .   (no amulet)
rElec    .         Reflect  .   (no ring)
rCorr    .         Harm     .   (no ring)
MR       .....                  (no ring)
Stlth    +++.......             (no ring)
HPRegen  0.14/turn              (no ring)
MPRegen  0.13/turn              (no ring)
                                (no ring)
                                (no ring)

@: brilliant, flying, very slightly contaminated
A: almost no armour, stealthy swim, amphibious, 8 rings, constrict 8, camouflage
1, clumsy 1, low mp 1, strong 1, gelatinous body 1
a: no special abilities


You were on level 7 of the Dungeon.
You were not hungry.

You visited 1 branch of the dungeon, and saw 5 of its levels.

You collected 228 gold pieces.

Inventory:

Hand Weapons
 d - a +0 dagger of flaming
 j - a +0 short sword
 o - a +2 dagger of venom (weapon)
 q - a cursed -1 flail
Missiles
 t - 8 atropa-tipped darts (quivered)
Armour
 a - a +0 hat (worn)
Wands
 s - a wand of random effects (14)
Scrolls
 b - a scroll of amnesia {unknown}
 g - 2 scrolls of teleportation {unknown}
 h - a scroll of noise {unknown}
 i - a scroll of blinking {unknown}
 l - 5 scrolls of identify {unknown}
 r - a scroll of immolation {unknown}
Potions
 m - a potion of lignification {unknown}
 n - a potion of ambrosia {unknown}
 p - a potion of flight
 u - a potion of curing
Comestibles
 c - 8 rations
 v - a chunk of flesh


   Skills:
 + Level 1.0 Fighting
 + Level 1.7 Short Blades
 + Level 2.8 Dodging
 + Level 4.8 Stealth
 + Level 5.3 Spellcasting
 + Level 3.2 Conjurations
 + Level 2.4 Summonings
 + Level 1.3 Translocations
 + Level 0.3 Air Magic
 + Level 0.5 Poison Magic


You had 5 spell levels left.
You knew the following spells:

 Your Spells              Type           Power        Failure   Level  Hunger
a - Magic Dart            Conj           ####         2%          1    None
b - Blink                 Tloc           N/A          9%          2    None
c - Call Imp              Summ           ###.....     6%          2    None
d - Conjure Flame         Conj/Fire      ###.....     16%         3    None
e - Mephitic Cloud        Conj/Pois/Air  ###.....     19%         3    None

Your spell library contained the following spells:

 Spells                   Type           Power        Failure   Level  Hunger
 Slow                     Hex            #.......     16%         2    None


Dungeon Overview and Level Annotations

Branches:
Dungeon (4/15)
 Temple: D:4-7

Altars:
Dithmenos
Elyvilon
Wu Jian
The Shining One


Innate Abilities, Weirdness & Mutations

You cannot wear most types of armour.
You are very stealthy in the water. (Stealth+)
You are amphibious.
You can wear up to eight rings at the same time.
You can use your tentacles to constrict eight enemies at once.
Your skin changes colour to match your surroundings (Stealth+).
Your rubbery body absorbs attacks. (AC +1, EV +1)
You are clumsy. (Dex -2)
Your magical capacity is low. (-10% MP)
Your muscles are strong. (Str +2)


Message History

Okay, then.
Unknown command.
Unknown command.
It was a potion of flight.
You feel very buoyant.
You fly up into the air.
Casting: Mephitic Cloud (safe; 19% risk of failure)
Confirm with . or Enter, or press ? or * to list all spells.
You miscast Blink.
The floor and the ceiling briefly switch places.
The centaur skeleton barely misses you.
Casting: Blink (safe; 9% risk of failure)
Confirm with . or Enter, or press ? or * to list all spells.
You blink.
It was a potion of mutation.
You feel extremely strange.
You feel clumsy.
You feel less energetic.
You feel stronger.
It was a potion of brilliance.
You feel clever all of a sudden. The centaur skeleton hits you!
You die...

......+ #.....#
...
#.....#....$
###.....#....).
#..............
#..............
#..............
+...Z.........
#..@..........
#........####
#........#
#........#
#........#
#........#
#...?....#
#.....o..+
#........#


You could see an orc and a centaur skeleton.

Vanquished Creatures
  Grinder (D:3)
  Sigmund (D:3)
  A phantom (D:4)
  2 orc wizards
  An orc priest (D:2)
  2 gnolls (D:7)
  2 adders
  An ooze (D:1)
  An adder skeleton (D:4)
  A worm (D:3)
  2 dart slugs
  5 leopard geckos
  5 orcs
  3 bats
  4 giant cockroaches
  4 goblins
  10 hobgoblins
  6 jackals
  A quokka (D:2)
  10 frilled lizards
  7 kobolds
  A quokka skeleton (D:4)
  3 rats
74 creatures vanquished.

Vanquished Creatures (collateral kills)
  An orc priest (D:2)
  Jessica (D:3)
  An adder (D:2)
  A quokka (D:4)
  A kobold (D:2)
5 creatures vanquished.

Grand Total: 79 creatures vanquished

Notes
Turn   | Place    | Note
-------+----------+-------------------------------------------
     0 | D:1      | Conn the Octopode Wizard began the quest for the Orb.
     0 | D:1      | Reached XP level 1. HP: 11/11 MP: 4/4
   233 | D:1      | Reached XP level 2. HP: 17/17 MP: 6/6
   237 | D:1      | Learned a level 2 spell: Blink
   240 | D:1      | Learned a level 2 spell: Call Imp
  1148 | D:2      | Reached XP level 3. HP: 21/21 MP: 8/8
  1250 | D:1      | Learned a level 3 spell: Conjure Flame
  1431 | D:2      | Reached skill level 4 in Spellcasting
  1431 | D:2      | Reached XP level 4. HP: 27/27 MP: 3/10
  1852 | D:3      | Noticed Grinder
  1856 | D:3      | Paralysed by Grinder for 3 turns
  1949 | D:3      | Paralysed by Grinder for 2 turns
  1978 | D:3      | Paralysed by Grinder for 3 turns
  1996 | D:2      | Found a glowing golden altar of the Shining One.
  1997 | D:2      | Found a white marble altar of Elyvilon.
  2003 | D:2      | Reached XP level 5. HP: 12/31 MP: 0/11
  2206 | D:2      | Learned a level 3 spell: Mephitic Cloud
  2706 | D:3      | Noticed Jessica
  2711 | D:3      | Noticed Sigmund
  2713 | D:3      | Killed Jessica
  2728 | D:3      | Killed Sigmund
  2728 | D:3      | Reached skill level 1 in Short Blades
  2728 | D:3      | Reached XP level 6. HP: 15/37 MP: 5/13
  2928 | D:3      | Found a shadowy altar of Dithmenos.
  3003 | D:3      | Killed Grinder
  3003 | D:3      | Reached skill level 5 in Spellcasting
  3003 | D:3      | Reached XP level 7. HP: 23/42 MP: 3/14
  3626 | D:4      | Found an ornate altar of the Wu Jian Council.
  3667 | D:4      | Reached skill level 1 in Fighting
  3903 | D:4      | You fall into a shaft and drop 3 floors!
  3915 | D:7      | Noticed a hippogriff
  3950 | D:7      | Gained mutation: You are clumsy. (Dex -2) [potion of
                  | mutation]
  3950 | D:7      | Gained mutation: Your magical capacity is low. (-10% MP)
                  | [potion of mutation]
  3950 | D:7      | Gained mutation: Your muscles are strong. (Str +2) [potion
                  | of mutation]
  3951 | D:7      | Slain by a centaur skeleton

Levels and vault maps discovered:
D:1:      dpeg_arrival_shrine, layout_basic, palyth_stone_intersect
D:2:      layout_rooms, grunt_temple_overflow_open
D:3:      layout_loops_ring, marbit_many_paths, first_ration,
          minmay_lizard_king, uniq_sigmund, uniq_jessica, uniq_grinder
D:4:      wad_crossroads, layout_cave_pools, kennysheep_mini
D:7:      layout_basic, lemuel_crystal_altar, gammafunk_temple_overflow_wave,
          cheibriados_altar_1

Skill      XL: |  1  2  3  4  5  6  7 |
---------------+----------------------+-----
Stealth        | 3 4 |  4.8
Spellcasting   | 4 5 |  5.3
Conjurations   | 2 3 |  3.2
Short Blades   | 1 |  1.7
Summonings     | 2 |  2.4
Fighting       | 1 |  1.0
Dodging        | |  2.8
Translocations | |  1.3
Air Magic      | |  0.3
Poison Magic   | |  0.5

Action                   |  1- 3 |  4- 6 |  7- 9 || total
-------------------------+-------+-------+-------++-------
Melee: Unarmed           |    11 |       |       ||    11
       Tentacles         |     5 |     7 |     5 ||    17
       Constrict         |    11 |    10 |     8 ||    29
       Dagger            |    36 |    47 |    41 ||   124
 Cast: Magic Dart        |    41 |    35 |    13 ||    89
       Call Imp          |       |    14 |     4 ||    18
       Blink             |       |     2 |     3 ||     5
       Mephitic Cloud    |       |     2 |     3 ||     5
Evoke: Wand              |       |       |     3 ||     3
  Use: Potion            |       |     4 |     4 ||     8
 Stab: Sleeping          |     4 |     2 |     2 ||     8
       Confused          |       |     1 |       ||     1
       Distracted        |       |       |     1 ||     1
  Eat: Chunk             |     1 |     6 |     3 ||    10
Armor: Skin              |     4 |     1 |       ||     5
Dodge: Dodged            |    39 |    22 |    20 ||    81

Table legend:
 A = Non-vault XP
 B = Vault XP
 C = Vault XP percentage of total XP
 D = Non-vault monster count
 E = Vault monster count
 F = Vault count percentage of total count
                 A         B        C        D         E       F
            +---------+---------+-------+---------+---------+-------
      Total |     433 |     465 |  51.8 |      67 |      12 |  15.2
            +---------+---------+-------+---------+---------+-------
        D:1 |      36 |       0 |   0.0 |      18 |       0 |   0.0
        D:2 |     167 |       0 |   0.0 |      26 |       0 |   0.0
        D:3 |      37 |     465 |  92.6 |      11 |      12 |  52.2
        D:4 |     116 |       0 |   0.0 |       6 |       0 |   0.0
        D:7 |      77 |       0 |   0.0 |       6 |       0 |   0.0
            +---------+---------+-------+---------+---------+-------
